 Dungeon Crawl Stone Soup version 0.31-a0-986-g5e6e4ef867 (webtiles) character file.

Game seed: 14093664925528065682

286 wildpjah the Covert (level 6, -1/33 HPs)
             Began as a Vampire Enchanter on Nov 25, 2023.
             Slain by a lemure (5 damage)
             ... led by Pikel
             ... on level 3 of the Dungeon.
             The game lasted 00:06:32 (2649 turns).

wildpjah the Covert (Vampire Enchanter)             Turns: 2649, Time: 00:06:33

Health: -1/33      AC:  4    Str:  6 (7)  XL:     6   Next: 8%
Magic:  3/9        EV: 13    Int: 16 (18) God:
Gold:   167        SH:  0    Dex: 15 (16) Spells: 8/10 levels left

rFire   . . .        a - +1 dagger
rCold   + + .        (no shield)
rNeg    + + +        b - +0 robe
rPois   ∞            m - +0 helmet
rElec   .            (no cloak)
rCorr   .            (no gloves)
SInv    +            e - +0 pair of boots
Will    .....        (no amulet)
Stlth   ++++++       (no ring)
HPRegen 0.00/turn    (no ring)
MPRegen 0.11/turn

%: no passive effects
@: bloodless, inhibited regen
A: bloodless, fangs 3, see invisible, vampiric 2
a: Bat Form, Revivify


You were on level 3 of the Dungeon.
You visited 1 branch of the dungeon, and saw 4 of its levels.

You collected 167 gold pieces.

Inventory:

Hand Weapons
 a - a +1 dagger (weapon)
Missiles
 h - 10 boomerangs
 n - 6 atropa-tipped darts
Armour
 b - a +0 robe (worn)
 e - a +0 pair of boots (worn)
 m - a +0 helmet (worn)
Jewellery
 o - a ring of ice
Scrolls
 d - a scroll of summoning {unknown}
 f - a scroll of brand weapon {unknown}
 g - a scroll of blinking {unknown}
 i - a scroll of silence {unknown}
 j - a scroll of amnesia {unknown}
 l - a scroll of identify {unknown}
 r - a scroll of enchant weapon {unknown}
Potions
 c - 2 potions of invisibility
 k - a potion of ambrosia {unknown}
 p - 2 potions of attraction {unknown}
 q - a potion of heal wounds {unknown}
 s - a potion of degeneration {unknown}


   Skills:
 + Level 0.8 Fighting
 + Level 2.7 Short Blades
 + Level 3.0 Dodging
 + Level 8.0 Stealth
 + Level 2.5 Spellcasting
 + Level 5.2 Hexes
 + Level 0.6 Ice Magic


You had 8 spell levels left.
You knew the following spells:

 Your Spells              Type           Power      Damage    Failure   Level
a - Ensorcelled Hibernat  Hex/Ice        22%        N/A       9%          2

Your spell library contained the following spells:

 Spells                   Type           Power      Damage    Failure   Level
 Confusing Touch          Hex            18%        N/A       7%          3
 Tukima's Dance           Hex            18%        N/A       7%          3
 Dazzling Flash           Conj/Hex       20%        N/A       21%         3
 Wereblood                Tmut           2%         N/A       30%         2
 Irradiate                Conj/Tmut      1%         3d12      99%         5
 Simulacrum               Ice/Necr       1%         N/A       100%        6
 Ozocubu's Refrigeration  Ice            2%         4d7       100%        7
 Polar Vortex             Ice            2%         N/A       100%        9


Dungeon Overview and Level Annotations

Branches:
Dungeon (4/15)
 Temple: D:4-7

Altars:
Nemelex Xobeh

Annotations:
D:3 2 runed translucent doors, Jeffwins's ghost, amateur DrSh
D:4 Pikel; Robin


Innate Abilities, Weirdness & Mutations

You do not regenerate when monsters are visible.
You are frail without blood (-20% HP).
You can heal yourself when you bite living creatures.
You are immune to poison.
You have razor-sharp teeth.
You have supernaturally acute eyesight. (SInv)
You are afflicted with vampirism and can become a bat while bloodless.


Message History

You don't have enough magic to cast this spell.
The lemure attacks as it pursues you! The lemure barely misses you.
The lemure attacks as it pursues you! The lemure hits you but does no damage.
The lemure attacks as it pursues you! The lemure hits you!
The lemure attacks as it pursues you! The lemure hits you but does no damage.
The lemure attacks as it pursues you! The lemure barely misses you.
The lemure attacks as it pursues you! The lemure closely misses you.
There is a stone staircase leading up here.
The lemure misses you.
You climb upwards.
Level annotation: 2 runed translucent doors, Jeffwins's ghost, amateur DrSh
There is a stone staircase leading down here.
You hit the lemure.
The lemure is lightly wounded.
The lemure misses you.
You hit the lemure but do no damage.
The lemure is lightly wounded.
The lemure hits you but does no damage.
You hit the lemure. Your bite misses the lemure.
The lemure is lightly wounded.
The lemure completely misses you.
You hit the lemure.
The lemure is moderately wounded.
The lemure closely misses you.
You hit the lemure but do no damage. Your bite misses the lemure.
The lemure is moderately wounded.
You closely miss the lemure.
The lemure is moderately wounded.
The lemure hits you.
You barely miss the lemure.
The lemure is moderately wounded.
The lemure hits you.
You hit the lemure.
The lemure is moderately wounded.
The lemure hits you.
* * * LOW HITPOINT WARNING * * *
You closely miss the lemure. Your bite misses the lemure.
The lemure is moderately wounded.
The lemure hits you.
You die...

#..........................
#.#########.###.###........
#.# ##.###.# #...).... #.#
#...##.# #........ #.#
#####...##.# ###....## #.#
#..........#####....#
#.####...........=.......##
#...[..........#####.##....
#..###<...@....# #.######
#..###.....5...# #.#
##...####.#...#.# #.#
#...#.###.#...#.#####.#
#.†#.###...##.#.......#
#.............####.####
#.†.####...#..# #.####
#...# ##.##..####....#
#...# ##..##...>......#


You could see a lemure.

Vanquished Creatures
  An ogre (D:4)
  Jessica (D:2)
  2 orc wizards (D:3)
  3 gnolls (D:3)
  2 adders
  A worm (D:2)
  3 dart slugs
  3 orcs (D:3)
  6 bats
  8 endoplasms
  A giant cockroach (D:4)
  8 goblins
  4 hobgoblins
  2 kobolds (D:1)
  5 quokkas
  7 ball pythons
  5 frilled lizards
  7 rats
69 creatures vanquished.

Notes
Turn   | Place    | Note
-------+----------+-------------------------------------------
     0 | D:1      | wildpjah the Vampire Enchanter began the quest for the Orb.
     0 | D:1      | Reached XP level 1. HP: 13/13 MP: 3/3
   168 | D:1      | Reached XP level 2. HP: 17/19 MP: 5/5
   174 | D:1      | Learned a level 2 spell: Ensorcelled Hibernation
   334 | D:1      | Reached skill level 5 in Hexes
   738 | D:2      | Reached skill level 5 in Stealth
   738 | D:2      | Gained mutation: You are afflicted with vampirism and can
                  | become a bat while bloodless. [Vampire growth]
   738 | D:2      | Reached XP level 3. HP: 19/19 MP: 6/6
  1042 | D:2      | Noticed Jessica
  1045 | D:2      | Killed Jessica
  1046 | D:2      | Reached XP level 4. HP: 24/24 MP: 7/7
  1425 | D:3      | Reached skill level 6 in Stealth
  1601 | D:3      | Found a faded altar of an unknown god.
  1722 | D:3      | Found a runed translucent door.
  1724 | D:3      | Noticed Jeffwins's ghost (amateur DrSh)
  1736 | D:3      | Noticed a bullfrog
  1780 | D:3      | Found a runed translucent door.
  2004 | D:3      | Reached XP level 5. HP: 28/28 MP: 8/8
  2168 | D:3      | Found a sparkling altar of Nemelex Xobeh.
  2172 | D:3      | Reached skill level 7 in Stealth
  2468 | D:4      | Noticed Robin
  2564 | D:4      | Noticed an ogre
  2571 | D:4      | Killed an ogre
  2572 | D:4      | Reached XP level 6. HP: 33/33 MP: 9/9
  2578 | D:4      | Reached skill level 8 in Stealth
  2604 | D:4      | Noticed Pikel
  2649 | D:3      | Slain by a lemure

Illustrated notes

Levels and vault maps discovered:
D:1:      sevenhm_arrival_forest_fort_small_3, layout_rooms, serial_forest,
          infiniplex_forest_end_1, infiniplex_forest_end_1,
          infiniplex_forest_lined_2, infiniplex_forest_lined_2,
          supply_closet_lemuel
D:2:      layout_loops_ring, uniq_jessica
D:3:      layout_loops_ring, nemelex_dance_club_becter, ebering_ghost_sewer_f,
          hellmonk_ecumenical_altar_inner_sanctum, serial_bayou_pond_d
D:4:      layout_layer_cave, ebering_ghost_sewer_d, minivault_11,
          nicolae_the_louvre, uniq_menkaure, uniq_robin, uniq_pikel

Skill      XL: |  1  2  3  4  5  6 |
---------------+-------------------+-----
Hexes          | 5 |  5.2
Stealth        | 5 6 7 8 |  8.0
Short Blades   | 2 |  2.7
Dodging        | 3 |  3.0
Fighting       | |  0.8
Spellcasting   | |  2.5
Ice Magic      | |  0.6

Action                     |  1- 3 |  4- 6 || total
---------------------------+-------+-------++-------
  Melee: Dagger            |    81 |    79 ||   160
         Bite              |     9 |     5 ||    14
   Cast: Ensorcelled Hiber |     7 |     9 ||    16
Ability: Exsanguinate      |     1 |       ||     1
         End Transformatio |       |     1 ||     1
         Bat Form          |       |     1 ||     1
   Stab: Sleeping          |    14 |    21 ||    35
         Distracted        |     1 |     1 ||     2
 Armour: Robe              |    33 |    51 ||    84
         Skin              |       |     3 ||     3
  Dodge: Dodged            |    39 |    50 ||    89

Table legend: (Time is in decaauts)
 A = Elapsed time spent in this place.
 B = Non-inter-level travel time spent in this place.
 C = Inter-level travel time spent in this place.
 D = Time resting spent in this place.
 E = Time spent auto-exploring this place.
 F = Levels seen in this place.
 G = Mean time per level.
                   A        B        C        D        E       F      G
               +--------+--------+--------+--------+--------+-----+--------+
         Total |   2635 |   2540 |     95 |     42 |   1877 |   4 |  658.8 |
       Dungeon |   2635 |   2540 |     95 |     42 |   1877 |   4 |  658.8 |
               +--------+--------+--------+--------+--------+-----+--------+

Top non-repeatable levels by time:
     D:3: 1108 daAuts
     D:1: 724 daAuts
     D:2: 688 daAuts
     D:4: 114 daAuts
